 Dungeon Crawl Stone Soup version 0.28.0-45-g0d030f2227 (webtiles) character file.

Game seed: 12561854582440090293

8 McKennaii the Conjurer (level 2, 19/19 HPs)
             Began as a Demonspawn Conjurer on Apr 16, 2022.
             Quit the game on level 1 of the Dungeon.
             The game lasted 00:00:11 (311 turns).

McKennaii the Conjurer (Demonspawn Conjurer)         Turns: 311, Time: 00:00:12

Health: 19/19      AC:  3    Str:  7    XL:     2   Next: 0%
Magic:  0/5        EV: 12    Int: 19    God:
Gold:   16         SH:  0    Dex: 11    Spells: 4/5 levels left

rFire   . . .      SeeInvis .   (no weapon)
rCold   . . .      Faith    .   (no shield)
rNeg    . . .      Spirit   .   a - +0 robe
rPois   .          Reflect  .   d - +0 helmet
rElec   .          Harm     .   (no cloak)
rCorr   .          Rampage  .   (no gloves)
Will    .....                   (no boots)
Stlth   ++........              (no amulet)
HPRegen 0.06/turn               (no ring)
MPRegen 0.09/turn               (no ring)

@: no status effects
A: hooves 1
a: no special abilities


You were on level 1 of the Dungeon.
You visited 1 branch of the dungeon, and saw 1 of its levels.

You collected 16 gold pieces.

Inventory:

Armour
 a - a +0 robe (worn)
 d - a +0 helmet (worn)
Scrolls
 b - 2 scrolls of teleportation {unknown}
 c - 3 scrolls of identify {unknown}


   Skills:
 - Level 1.7 Dodging
 - Level 1.7 Stealth
 + Level 2.3 Spellcasting
 + Level 4.2 Conjurations


You had 4 spell levels left.
You knew the following spells:

 Your Spells              Type           Power      Damage    Failure   Level
a - Magic Dart            Conj           72%        1d6       3%          1

Your spell library contained the following spells:

 Spells                   Type           Power      Damage    Failure   Level
 Searing Ray              Conj           36%        2d5       4%          2
 Dazzling Flash           Conj/Hex       20%        N/A       21%         3
 Fulminant Prism          Conj/Hex       5%         3d7       56%         4
 Iskenderun's Mystic Bla  Conj/Tloc      10%        2d4       56%         4


Dungeon Overview and Level Annotations

Branches:
Dungeon (1/15)

Altars:


Innate Abilities, Weirdness & Mutations

You have large cloven feet.


Message History

d - a +0 helmet You start putting on your armour.
You continue putting on your +0 helmet. x4
You finish putting on your +0 helmet.
A bat comes into view.
The magic dart hits the bat.
You kill the bat!
A rat comes into view.
The magic dart hits the rat.
You kill the rat!
Found a trident.
You can't see any susceptible monsters within range! (Use Z to cast anyway.)
An endoplasm comes into view.
Found a large ruby ring.
The magic dart hits the endoplasm.
The endoplasm is severely wounded.
The endoplasm quivers.
An endoplasm is nearby!
An endoplasm is nearby!
The magic dart hits the endoplasm.
You kill the endoplasm!
Key pressed, stopping explore.
You can't see any susceptible monsters within range! (Use Z to cast anyway.)
You can't see any susceptible monsters within range! (Use Z to cast anyway.)
Found a stone staircase leading down.
You can't see any susceptible monsters within range! (Use Z to cast anyway.)
A giant cockroach comes into view.
The magic dart hits the giant cockroach.
The giant cockroach is almost dead.
A giant cockroach is nearby!
The magic dart hits the giant cockroach but does no damage.
The giant cockroach is almost dead.
The giant cockroach closely misses you.
A giant cockroach is nearby!
The magic dart hits the giant cockroach.
You kill the giant cockroach!
You have reached level 2!
You feel monstrous as your demonic heritage exerts itself.
Your demonic ancestry asserts itself...
Your feet thicken and deform.
Are you sure you want to abandon this character and quit the game? (Confirm with "yes".)

. #....#.......# #.♣P
.. #............####.♣P
.....###...†......##.♣♣
...= #...........##...
.....##..............#.
.....................#.
..##.##..).............
#.#.......#.........
#$@......#....#....
##.......#.........
).......####.#....
.#.......# #...#.#
#.##.##...# ##.#. . ...
.... . #. ## >.. # #.


There were no monsters in sight!

Vanquished Creatures
  2 ball pythons (D:1)
  An endoplasm (D:1)
  A giant cockroach (D:1)
  A bat (D:1)
  A frilled lizard (D:1)
  2 rats (D:1)
8 creatures vanquished.

Notes
Turn   | Place    | Note
-------+----------+-------------------------------------------
     0 | D:1      | McKennaii the Demonspawn Conjurer began the quest for the
                  | Orb.
     0 | D:1      | Reached XP level 1. HP: 13/13 MP: 3/3
   311 | D:1      | Discovered your monstrous ancestry.
   311 | D:1      | Gained mutation: You have large cloven feet. [demonic
                  | ancestry]
   311 | D:1      | Reached XP level 2. HP: 19/19 MP: 0/5
   311 | D:1      | Quit the game

Illustrated notes

Levels and vault maps discovered:
D:1:      scummos_arrival_checkerplants, layout_basic, minmay_tall_x

Action                   || total
-------------------------++-------
 Cast: Magic Dart        ||    13
Dodge: Dodged            ||     1
